 Dungeon Crawl Stone Soup version 0.18-a0-776-g7a8d288 (webtiles) character file.

189 Celerity the Ruffian (level 5, -2/48 HPs)
             Began as a Troll Warper on Dec 13, 2015.
             Killed by nerve-wracking pain
             ... invoked by an orc priest
              (8 damage)
             ... on level 3 of the Dungeon.
             The game lasted 00:06:13 (1836 turns).

Celerity the Ruffian (Troll Warper)                 Turns: 1836, Time: 00:06:13

Health: -2/48      AC:  6    Str: 19    XL:     5   Next: 40%
Magic:  6/6        EV: 10    Int: 10    God:
Gold:   76         SH:  0    Dex:  9    Spells: 3 memorised, 2 levels left

rFire  . . .     SeeInvis .       - Unarmed
rCold  . . .     Clarity  .     a - +0 robe
rNeg   . . .     SustAt   .     (no shield)
rPois  .         Gourm    +     (helmet restricted)
rElec  .         Spirit   .     l - +0 cloak
rCorr  .         Dismiss  +     (gloves unavailable)
rMut   .         Stasis   .     (boots unavailable)
MR     .....                    s - amulet of dismissal
Stlth  +.........               (no ring)
                                (no ring)

@: not resistant to hostile enchantments, very unstealthy
A: unfitting armour, claws 3, fast metabolism 3, gourmand, regeneration 2,
shaggy fur 1, tough skin 2
a: no special abilities


You were on level 3 of the Dungeon.
You were completely stuffed.

You visited 1 branch of the dungeon, and saw 3 of its levels.

You collected 76 gold pieces.

Inventory:

Missiles
 d - 5 tomahawks of dispersal (quivered)
 h - 15 poisoned needles
Armour
 a - a +0 robe (worn)
 l - a +0 cloak (worn)
Jewellery
 s - an amulet of dismissal (around neck)
Wands
 o - a wand of frost (16)
Scrolls
 c - 2 scrolls of blinking
 e - a scroll of fog {unknown}
 g - a scroll of noise {unknown}
 i - 2 scrolls of remove curse
 k - 2 scrolls of teleportation {unknown}
 m - a scroll of magic mapping {unknown}
 q - a scroll of enchant armour {unknown}
 r - a scroll of fear {unknown}
 t - a scroll of identify {unknown}
 x - a scroll of random uselessness {unknown}
Potions
 n - a potion of ambrosia {unknown}
 p - a potion of flight {unknown}
 u - a potion of lignification {unknown}
Books
 b - a book of Spatial Translocations

   Spells                             Type                      Level
   a - Apportation                    Translocation                1
   b - Blink                          Translocation                2
   c - Shroud of Golubria             Charms/Translocation         2
   d - Portal Projectile              Translocation                3
   e - Teleport Other                 Translocation                3
   f - Passage of Golubria            Translocation                4
Comestibles
 f - 3 bread rations
 j - 12 fruits
 v - a beef jerky
 w - 3 chunks of flesh


   Skills:
 - Level 1.5 Fighting
 - Level 0.8 Throwing
 - Level 1.9 Dodging
 + Level 3.2 Unarmed Combat
 + Level 1.8 Spellcasting
 * Level 1.8 Charms
 - Level 3.0 Translocations


You had 2 spell levels left.
You knew the following spells:

 Your Spells              Type           Power        Failure   Level  Hunger
a - Apportation           Tloc           #.........   10%         1    ##.....
c - Shroud of Golubria    Chrm/Tloc      #.........   21%         2    ###....
l - Blink                 Tloc           N/A          14%         2    ###....


Dungeon Overview and Level Annotations

Branches:
Dungeon (3/15)

Altars:
Nemelex Xobeh
The Shining One

Annotations:
D:1 disint


Innate Abilities, Weirdness & Mutations

You are too large for most types of armour.
You have claws for hands.
Your metabolism is lightning-fast.
You like to eat raw meat.
You heal very quickly.
You are covered in fur (AC +1).
You have very tough skin (AC +2).


Message History

The orc priest is heavily wounded.
The orc priest hits you but does no damage.
The orc hits you with a mace of holy wrath.
* * * LOW HITPOINT WARNING * * *
You barely miss the orc priest.
The orc priest is heavily wounded.
The orc priest invokes the aid of Beogh against you.
Pain shoots through your body!
* * * LOW HITPOINT WARNING * * *
Drink which item? (? for menu, Esc to quit)
Okay, then.
You scratch the orc priest but do no damage.
The orc priest is heavily wounded.
The orc misses you. The orc priest barely misses you.
You scratch the orc priest.
The orc priest is severely wounded.
The orc barely misses you.
The orc priest calls down the wrath of Beogh upon you.
Pain shoots through your body!
You die...

...........####...# #........
#..........##...###.>......
#..........##..............
#...........#...###.<......
#....>......#..............
...........................##
.......#.#...................
##############.#oo...............
.......#........@##.#............
.#####.#.#####..................#
.#...#.#.#...#.....####.##...#...
...#.#.#...#.#...............#...
####.#.#####.#.#....###..#..##...
.....#.......#......# #..#..##...
##############.#....# #..#..##...
............#....##.######..##...
.#..........#..#.##.#.......##...


You could see an orc priest and an orc.

Vanquished Creatures
  The ghost of tedric the Sneak, an amateur KoEn of Yredelemnul (D:3)
  5 adders
  2 worms (D:3)
  A giant gecko (D:2)
  9 orcs (D:3)
  11 bats
  4 giant cockroaches
  7 hobgoblins (D:2)
  3 kobolds
  A quokka (D:2)
  5 giant newts
  5 goblins
  3 jackals (D:2)
  9 rats
66 creatures vanquished.

Notes
Turn   | Place    | Note
--------------------------------------------------------------
     0 | D:1      | Celerity the Troll Warper began the quest for the Orb.
     0 | D:1      | Reached XP level 1. HP: 19/19 MP: 1/1
   145 | D:1      | Reached XP level 2. HP: 27/27 MP: 3/3
   445 | D:2      | Learned a level 2 spell: Shroud of Golubria
   457 | D:2      | Reached XP level 3. HP: 33/33 MP: 4/4
   588 | D:2      | Found a glowing golden altar of the Shining One.
   660 | D:2      | Found a sparkling altar of Nemelex Xobeh.
  1178 | D:3      | Reached skill level 3 in Translocations
  1183 | D:3      | Reached XP level 4. HP: 41/41 MP: 0/5
  1301 | D:3      | Reached skill level 1 in Charms
  1418 | D:3      | Learned a level 2 spell: Blink
  1475 | D:3      | Noticed tedric's ghost (amateur KoEn)
  1497 | D:3      | Killed tedric's ghost
  1497 | D:3      | Reached XP level 5. HP: 4/48 MP: 6/6
  1836 | D:3      | Killed from afar by an orc priest

Vault maps used:
D:1:      lightli_iron_boxes, due_unseen_surprise
D:2:      tso_metal_star, nemelex_xobeh_ov_fountains_minmay
D:3:      patterned_corridor

Action                   |  1- 3 |  4- 6 || total
-------------------------+-------+-------++-------
Melee: Unarmed           |   164 |    93 ||   257
 Cast: Shroud of Golubri |       |     1 ||     1
  Use: Scroll            |     1 |       ||     1
  Eat: Chunk             |    13 |    10 ||    23
